 Dungeon Crawl Stone Soup version 0.21.1-1-g345015f (console) character file.

1040 fly the Ducker (level 8, 0/80 HPs)
             Began as an Ogre Berserker on May 11, 2018.
             Was an Elder of Trog.
             Slain by a bullfrog zombie (4 damage)
             ... on level 6 of the Dungeon.
             The game lasted 00:08:41 (5942 turns).

fly the Ducker (Ogre Berserker)                     Turns: 5942, Time: 00:08:41

Health: 0/80       AC:  5    Str: 22    XL:     8   Next: 24%
Magic:  8/8        EV:  7    Int:  8    God:    Trog [****..]
Gold:   205        SH:  0    Dex: 10    Spells: 7/7 levels left

rFire    . . .     SeeInvis +   a - +0 spear
rCold    . . .     Gourm    .   (no shield)
rNeg     . . .     Faith    .   y - +0 animal skin
rPois    .         Spirit   .   e - +2 hat {SInv}
rElec    .         Reflect  .   (no cloak)
rCorr    .         Harm     +   (gloves unavailable)
MR       .....                  (boots unavailable)
Stlth    +.........             l - amulet of harm
HPRegen  0.23/turn              A - -5 ring of evasion (curse)
MPRegen  0.11/turn              (no ring)

@: berserk cooldown, starving, slowed, very slow
A: large, unfitting armour, tough skin 1
a: Berserk, Trog's Hand, Brothers in Arms, Burn Spellbooks, Renounce Religion


You were on level 6 of the Dungeon.
You worshipped Trog.
Trog was greatly pleased with you.
You were starving.

You visited 2 branches of the dungeon, and saw 7 of its levels.

You collected 205 gold pieces.

Inventory:

Hand Weapons
 a - a +0 spear (weapon)
 w - a +0 blowgun
Missiles
 f - 4 tomahawks of returning (quivered)
Armour
 e - a +2 hat of see invisible (worn)
 y - a +0 animal skin (worn)
Jewellery
 l - an amulet of harm (around neck)
 A - a cursed -5 ring of evasion (left hand)
Wands
 g - a wand of enslavement (5)
 r - a wand of flame (34)
 u - a wand of clouds (6)
Scrolls
 b - a scroll of enchant weapon {unknown}
 d - a scroll of vulnerability {unknown}
 k - 2 scrolls of fear {unknown}
 m - 5 scrolls of remove curse
 o - 3 scrolls of teleportation {unknown}
 p - a scroll of noise {unknown}
 s - a scroll of blinking {unknown}
Potions
 h - 3 potions of curing
 i - 3 potions of agility
 j - 2 potions of magic {unknown}
 n - 3 potions of flight
 q - a potion of might
 t - a potion of heal wounds {unknown}
 v - a potion of lignification {unknown}
 x - a potion of cancellation {unknown}
 z - a potion of mutation {unknown}
Comestibles
 c - 9 rations


   Skills:
 + Level 5.3 Fighting
 - Level 6.0 Polearms
 - Level 7.2 Dodging


You had 7 spell levels left.
You didn't know any spells.

Dungeon Overview and Level Annotations

Branches:
Dungeon (6/15)             Temple (1/1) D:5

Altars:
Ashenzari
Cheibriados
Dithmenos
Elyvilon
Fedhas
Gozag
Hepliaklqana
Kikubaaqudgha
Makhleb
Nemelex Xobeh
Okawaru
Qazlal
Ru
Sif Muna
Trog
Uskayaw
Vehumet
Wu Jian
Xom
Yredelemnul
Zin
The Shining One

Shops:
D:4 [   D:5 }

Annotations:
D:6 Grinder


Innate Abilities, Weirdness & Mutations

You are too large for most types of armour.
You have tough skin. (AC +1)


Message History

Your Fighting skill increases to level 5!
Unknown command.
The bullfrog zombie hits you.
* * * LOW HITPOINT WARNING * * *
The orc hits you but does no damage.
You puncture the shadow imp!
You kill the shadow imp!
Trog accepts your kill.
You are no longer berserk.
You are exhausted.
You feel yourself slow down.
The bullfrog zombie completely misses you.
The orc hits you with a hand axe.
* * * LOW HITPOINT WARNING * * *
Grinder comes into view.
Grinder shouts!
The orc barely misses you. The orc hits you.
* * * LOW HITPOINT WARNING * * *
The bullfrog zombie hits you.
You die...

#$# ######### #.#
........#####.#######
.....................
......))>....%.......
...%..............###
......)oo............
.##+###Z#####..##.##
#@# #..##.# #.###
#..##.# ......#..##.#
.5.....(.....# #.
......#.#..##.# #.
.......#.#..##.#####.
........#
#..##.....##
....##...#
#..##.>.....
#..##.......


You could see Grinder, 2 orcs and a bullfrog zombie.

Vanquished Creatures
  A phantom (D:5)
  A centaur (D:5)
  The ghost of Iko the Cudgeler, an amateur GrGl (D:4)
  6 orc priests
  A centaur zombie (D:6)
  A centaur skeleton (D:4)
  Ijyb (D:4)
  Natasha (thrice) (D:4)
  3 orc wizards
  4 worker ants
  2 hound skeletons
  A worker ant zombie (D:2)
  8 adders
  2 shadow imps
  An ooze (D:1)
  5 worms
  5 dart slugs
  5 leopard geckos
  10 orcs
  A ball python (D:5)
  4 giant cockroaches
  11 goblins
  7 hobgoblins
  20 jackals
  6 kobolds
  3 quokkas
  7 bats
  7 frilled lizards
  8 rats
135 creatures vanquished.

Vanquished Creatures (others)
  A kobold (D:1)
1 creature vanquished.

Grand Total: 136 creatures vanquished

Notes
Turn   | Place    | Note
-------+----------+-------------------------------------------
     0 | D:1      | fly the Ogre Berserker began the quest for the Orb.
     0 | D:1      | Reached XP level 1. HP: 24/24 MP: 1/1
   143 | D:1      | Reached skill level 3 in Dodging
   157 | D:1      | Reached XP level 2. HP: 4/32 MP: 2/2
   720 | D:1      | Reached XP level 3. HP: 33/39 MP: 3/3
  1247 | D:2      | Reached skill level 4 in Dodging
  1247 | D:2      | Reached XP level 4. HP: 19/48 MP: 4/4
  1494 | D:2      | Reached ** piety under Trog
  1597 | D:2      | Reached XP level 5. HP: 54/54 MP: 5/5
  2424 | D:3      | Reached skill level 5 in Dodging
  2574 | D:3      | Reached *** piety under Trog
  2574 | D:3      | Reached XP level 6. HP: 46/62 MP: 6/6
  3285 | D:4      | Noticed Natasha
  3296 | D:4      | Killed Natasha
  3379 | D:4      | Noticed Natasha
  3392 | D:4      | Killed Natasha
  3418 | D:4      | Noticed Natasha
  3425 | D:4      | Killed Natasha
  3594 | D:4      | Found a shattered altar of Ashenzari.
  3653 | D:4      | Reached XP level 7. HP: 29/70 MP: 7/7
  3669 | D:4      | Noticed Ijyb
  3686 | D:4      | Killed Ijyb
  3686 | D:4      | Reached skill level 5 in Polearms
  3881 | D:4      | Reached skill level 6 in Dodging
  3900 | D:4      | Found Atuuw's Armour Emporium.
  3980 | D:4      | Noticed Iko's ghost (amateur GrGl)
  3993 | D:4      | Killed Iko's ghost
  4165 | D:4      | Reached **** piety under Trog
  4315 | D:5      | Entered Level 5 of the Dungeon
  5074 | D:5      | Reached skill level 7 in Dodging
  5140 | D:5      | Found Ora Vuxi's Gadget Shoppe.
  5351 | D:5      | Found a staircase to the Ecumenical Temple.
  5369 | D:5      | Reached XP level 8. HP: 34/78 MP: 8/8
  5436 | D:5      | Found a stormy altar of Qazlal.
  5484 | Temple   | Entered the Ecumenical Temple
  5938 | D:6      | Reached skill level 5 in Fighting
  5940 | D:6      | HP: 4/80 [orc/hand axe (4)]
  5941 | D:6      | Noticed Grinder
  5942 | D:6      | Slain by a bullfrog zombie

Skill      XL: |  1  2  3  4  5  6  7  8 |
---------------+-------------------------+-----
Dodging        | 3 4 5 7 |  7.2
Polearms       | 4 6 |  6.0
Fighting       | 5 |  5.3

Action                   |  1- 3 |  4- 6 |  7- 9 || total
-------------------------+-------+-------+-------++-------
Melee: Spear             |   103 |   339 |   173 ||   615
Invok: Berserk           |     2 |     6 |     6 ||    14
  Use: Scroll            |       |       |     4 ||     4
 Stab: Sleeping          |       |     1 |     1 ||     2
  Eat: Chunk             |     2 |    14 |    12 ||    28
Armor: Animal skin       |    41 |   110 |    27 ||   178
Dodge: Dodged            |    47 |   216 |    80 ||   343
